 Dungeon Crawl Stone Soup version 0.22-b1-21-g5cfc168 (webtiles) character file.

142 dvd the Firebug (level 5, 0/32 HPs)
             Began as an Octopode Fire Elementalist on Aug 5, 2018.
             Slain by a sky beast (4 damage)
             ... on level 3 of the Dungeon.
             The game lasted 00:05:54 (2860 turns).

dvd the Firebug (Octopode Fire Elementalist)        Turns: 2860, Time: 00:05:55

Health: 0/32       AC:  1    Str:  8    XL:     5   Next: 24%
Magic:  2/9        EV: 14    Int: 18    God:
Gold:   58         SH:  0    Dex: 12    Spells: 6/9 levels left

rFire    . . .     SeeInvis .   h - +2 dagger (venom)
rCold    . . .     Gourm    .   (no shield)
rNeg     . . .     Faith    .   (helmet restricted)
rPois    .         Spirit   .   (no amulet)
rElec    .         Reflect  .   (no ring)
rCorr    .         Harm     .   (no ring)
MR       .....                  (no ring)
Stlth    +++.......             (no ring)
HPRegen  0.10/turn              (no ring)
MPRegen  0.11/turn              (no ring)
                                (no ring)
                                (no ring)

@: very slightly contaminated
A: almost no armour, stealthy swim, amphibious, 8 rings, constrict 8, camouflage
1, gelatinous body 1
a: no special abilities


You were on level 3 of the Dungeon.
You were not hungry.

You visited 1 branch of the dungeon, and saw 3 of its levels.

You collected 58 gold pieces.

Inventory:

Hand Weapons
 e - a +0 mace
 h - a +2 dagger of venom (weapon)
Armour
 f - a +0 shield
Scrolls
 m - 2 scrolls of teleportation
 o - a scroll of remove curse
 p - 2 scrolls of blinking {unknown}
 q - a scroll of fear {unknown}
 r - a scroll of enchant armour {unknown}
 s - a scroll of amnesia
Potions
 a - 3 potions of agility {unknown}
 c - a potion of haste {unknown}
 d - 4 potions of curing
 g - a potion of lignification {unknown}
 i - a potion of cancellation {unknown}
 k - 2 potions of resistance {unknown}
 l - a potion of mutation {unknown}
 n - a potion of ambrosia {unknown}
 t - a potion of flight {unknown}
Comestibles
 b - 2 rations
 j - 2 chunks of flesh


   Skills:
 + Level 0.6 Fighting
 + Level 0.8 Maces & Flails
 + Level 2.9 Dodging
 - Level 2.7 Stealth
 + Level 0.4 Unarmed Combat
 + Level 2.8 Spellcasting
 + Level 1.6 Conjurations
 + Level 4.1 Fire Magic


You had 6 spell levels left.
You knew the following spells:

 Your Spells              Type           Power        Failure   Level  Hunger
a - Flame Tongue          Conj/Fire      ##...        4%          1    None
b - Throw Flame           Conj/Fire      ##....       8%          2    ##.....

Your spell library contained the following spells:

 Spells                   Type           Power        Failure   Level  Hunger
 Fireball                 Conj/Fire      ##........   80%         5    ######.
 Conjure Flame            Conj/Fire      ##......     16%         3    ###....
 Confuse                  Hex            #.......     45%         3    ###....
 Sticky Flame             Conj/Fire      ##......     45%         4    ####...
 Tukima's Dance           Hex            #.......     45%         3    ###....
 Ensorcelled Hibernation  Hex/Ice        #.....       26%         2    ##.....
 Corona                   Hex            #......      17%         1    None
 Inner Flame              Hex/Fire       #.......     22%         3    ###....
 Dazzling Spray           Conj/Hex       #.....       34%         3    ###....


Dungeon Overview and Level Annotations

Branches:
Dungeon (3/15)

Altars:
Dithmenos
Fedhas


Innate Abilities, Weirdness & Mutations

You cannot wear most types of armour.
You are very stealthy in the water. (Stealth+)
You are amphibious.
You can wear up to eight rings at the same time.
You can use your tentacles to constrict eight enemies at once.
Your skin changes colour to match your surroundings (Stealth+).
Your rubbery body absorbs attacks. (AC +1, EV +1)


Message History

Confirm with . or Enter, or press ? or * to list all spells.
Aiming: Flame Tongue (safe; 4% risk of failure)
Press: ? - help, Shift-Dir - straight line The flame tongue hits something.
Something hits you.
* * * LOW HITPOINT WARNING * * *
Something shocks you.
* * * LOW HITPOINT WARNING * * *
Unknown command.
Casting: Flame Tongue (safe; 4% risk of failure)
Confirm with . or Enter, or press ? or * to list all spells.
Aiming: Flame Tongue (safe; 4% risk of failure)
Press: ? - help, Shift-Dir - straight line The flame tongue hits something.
Something barely misses you.
Unknown command.
Casting: Flame Tongue (safe; 4% risk of failure)
Confirm with . or Enter, or press ? or * to list all spells.
Aiming: Flame Tongue (safe; 4% risk of failure)
Press: ? - help, Shift-Dir - straight line Something hits you.
You die...

..##############.
.................
#........#
#{######.# #@# #.#
#. #.# #.####### #.#
#.......###.######
#>.................
#..................
#.......############
#.......# #...#


There were no monsters in sight!

Vanquished Creatures
  8 adders
  An ooze (D:1)
  A worm (D:3)
  A dart slug (D:1)
  2 leopard geckos (D:1)
  10 goblins
  6 hobgoblins
  3 jackals (D:1)
  6 kobolds
  A quokka (D:2)
  7 bats
  4 frilled lizards
  8 rats
58 creatures vanquished.

Notes
Turn   | Place    | Note
-------+----------+-------------------------------------------
     0 | D:1      | dvd the Octopode Fire Elementalist began the quest for the Orb.
     0 | D:1      | Reached XP level 1. HP: 11/11 MP: 3/3
   327 | D:1      | Reached XP level 2. HP: 17/17 MP: 1/5
   760 | D:1      | Reached XP level 3. HP: 21/21 MP: 3/6
   848 | D:1      | Learned a level 2 spell: Throw Flame
  1497 | D:2      | Reached XP level 4. HP: 20/27 MP: 2/7
  2297 | D:3      | Found a shadowy altar of Dithmenos.
  2304 | D:3      | Reached skill level 4 in Fire Magic
  2424 | D:3      | Reached XP level 5. HP: 32/32 MP: 1/9
  2495 | D:3      | Found a blossoming altar of Fedhas.
  2843 | D:3      | Noticed a sky beast
  2860 | D:3      | Slain by a sky beast

Skill      XL: |  1  2  3  4 |
---------------+-------------+-----
Fire Magic     | 4 |  4.1
Fighting       | |  0.6
Maces & Flails | |  0.8
Dodging        | |  2.9
Stealth        | |  2.7
Unarmed Combat | |  0.4
Spellcasting   | |  2.8
Conjurations   | |  1.6

Action                   |  1- 3 |  4- 6 || total
-------------------------+-------+-------++-------
Melee: Unarmed           |    13 |       ||    13
       Constrict         |     8 |     4 ||    12
       Tentacles         |     5 |     1 ||     6
       Mace              |    19 |     6 ||    25
       Dagger            |       |     4 ||     4
 Cast: Flame Tongue      |    27 |    36 ||    63
       Throw Flame       |     3 |    11 ||    14
  Use: Potion            |     1 |       ||     1
       Scroll            |       |     4 ||     4
 Stab: Sleeping          |     9 |     3 ||    12
  Eat: Chunk             |     2 |     5 ||     7
Armor: Skin              |     4 |     1 ||     5
Dodge: Dodged            |    33 |    19 ||    52
